 Dungeon Crawl Stone Soup version 0.27.0-1-g7a089689b8 (webtiles) character file.

Game seed: 13972570588061613548

254 tbh1313 the Bolt Thrower (level 5, 0/42 HPs)
             Began as a Minotaur Hunter on Aug 11, 2021.
             Was an Initiate of Okawaru.
             Slain by a goblin (2 damage)
             ... led by Robin
             ... on level 4 of the Dungeon.
             The game lasted 00:04:34 (3134 turns).

tbh1313 the Bolt Thrower (Minotaur Hunter)          Turns: 3134, Time: 00:04:35

Health: 0/42       AC:  9    Str: 17    XL:     5   Next: 90%
Magic:  4/4        EV: 15    Int:  8    God:    Okawaru [......]
Gold:   128        SH:  4    Dex: 11    Spells: 4/4 levels left

rFire    . . .     SeeInvis .   p - +3 short sword (elec)
rCold    . . .     Faith    .   m - +0 buckler
rNeg     . . .     Spirit   .   c - +0 leather armour
rPois    .         Reflect  .   (helmet restricted)
rElec    .         Harm     .   f - +0 cloak
rCorr    .         Rampage  .   b - +0 pair of gloves
Will     .....                  (no boots)
Stlth    ++........             (no amulet)
HPRegen  0.14/turn              g - +4 ring of protection
MPRegen  0.09/turn              o - +4 ring of evasion

@: lethally poisoned (0 -> -14)
A: horns 2, retaliatory headbutt
a: Renounce Religion


You were on level 4 of the Dungeon.
You worshipped Okawaru.
Okawaru was noncommittal.
You visited 1 branch of the dungeon, and saw 4 of its levels.

You collected 128 gold pieces.

Inventory:

Hand Weapons
 a - a +1 hand crossbow
 p - a +3 short sword of electrocution (weapon)
Missiles
 d - 31 bolts
Armour
 b - a +0 pair of gloves (worn)
 c - a +0 leather armour (worn)
 f - a +0 cloak (worn)
 m - a +0 buckler (worn)
Magical Staves
 e - a staff of conjuration
Jewellery
 g - a +4 ring of protection (left hand)
 o - a +4 ring of evasion (right hand)
Potions
 i - a potion of attraction {unknown}
 j - 2 potions of flight {unknown}
 k - a potion of degeneration {unknown}
 l - 2 potions of curing {unknown}


   Skills:
 - Level 2.4 Fighting
 * Level 4.0 Short Blades
 - Level 0.1 Maces & Flails
 - Level 4.3 Crossbows
 - Level 2.1 Dodging
 + Level 3.4 Stealth
 + Level 2.2 Shields


You had 4 spell levels left.
You didn't know any spells.
Your spell library contained the following spells:

 Spells                   Type           Power      Damage    Failure   Level
 Foxfire                  Conj/Fire      0%         2x1d4     54%         1
 Conjure Flame            Conj/Fire      0%         6-21      89%         3
 Inner Flame              Hex/Fire       0%         N/A       89%         3


Dungeon Overview and Level Annotations

Branches:
Dungeon (4/15)
 Temple: D:4-7

Altars:
Gozag
Makhleb
Okawaru

Shops:
D:3 *

Annotations:
D:4 Robin


Innate Abilities, Weirdness & Mutations

You have a pair of horns on your head.
You reflexively headbutt those who attack you in melee.


Message History

You are too injured to fight recklessly!
You are too injured to fight recklessly!
You are too injured to fight recklessly!
You are too injured to fight recklessly!
You are too injured to fight recklessly!
You are too injured to fight recklessly!
You are too injured to fight recklessly!
You are too injured to fight recklessly!
You are too injured to fight recklessly!
You are too injured to fight recklessly!
You barely miss the goblin.
You feel sick. The goblin hits you with a +0 club.
Robin throws the goblin at you! You block the goblin's attack.
The hobgoblin barely misses you. You furiously retaliate!
You headbutt the hobgoblin.
You kill the hobgoblin!
Okawaru accepts your kill.
You hit the goblin.
You kill the goblin!
You feel sick. You block the goblin's attack.
The goblin hits you with a +0 dagger. The goblin hits you with a +0 club.
Robin throws the goblin at you! The goblin hits you but does no damage.
The goblin barely misses you.
You closely miss the goblin. You headbutt the goblin.
You kill the goblin!
Okawaru accepts your kill.
You feel sick. The goblin hits you with a +0 club.
The goblin hits you with a +0 dagger. The goblin hits you with a +0 club.
* * * LOW HITPOINT WARNING * * *
Robin hits you from afar with a +2 spear of venom.
* * * LOW HITPOINT WARNING * * *
The goblin hits you but does no damage.
As you read the scroll labelled KAAFAM ATIPSYN, it crumbles to dust.
You hear a loud clanging noise!
It was a scroll of noise.
You feel sick. The goblin closely misses you. The goblin misses you.
You block the goblin's attack.
Robin hits you from afar with a +2 spear of venom.
* * * LOW HITPOINT WARNING * * *
You are lethally poisoned!
The goblin hits you with a +0 club.
You die...

#...###....### #
#...#........#### ##
#..<........))..###.
#......####.........
#....### ######....
#..### #.... ###..##
##... #...)g## ##..
#...g@g# #..
#....ggg..# ##.
#.#...gZ..## #.
###.......# #.
#.......# #.
#.......# #.
#.......# ##.
......... ##.. ##...


You could see Robin, 6 goblins and a hound skeleton.

Levels and vault maps discovered:
D:1:      elethiomel_arrival_quiet, layout_rooms,
          dreamdust_ecumenical_altar_sealed_demon, serial_park_tiny_1
D:2:      minmay_evil_eye, layout_loops_ring, uniq_jessica
D:3:      layout_basic, chequers_temple_overflow_statue_of_worship,
          serial_shops, nicolae_shop_waterfront, feat_on_display
D:4:      layout_layer_cave, nzn_wu_jian_contemplation, grunt_gozag_statues,
          uniq_pikel, uniq_blork_the_orc, uniq_menkaure, uniq_robin

Notes
Turn   | Place    | Note
-------+----------+-------------------------------------------
     0 | D:1      | tbh1313 the Minotaur Hunter began the quest for the Orb.
     0 | D:1      | Reached XP level 1. HP: 18/18 MP: 0/0
    16 | D:1      | Reached skill level 1 in Stealth
    69 | D:1      | Reached XP level 2. HP: 25/25 MP: 1/1
   117 | D:1      | You fall into a shaft and drop 1 floor!
   231 | D:1      | Reached skill level 1 in Short Blades
   550 | D:1      | Found a faded altar of an unknown god.
   724 | D:2      | Noticed Jessica
   736 | D:2      | Killed Jessica
   737 | D:2      | Reached XP level 3. HP: 20/30 MP: 2/2
  1032 | D:2      | Reached XP level 4. HP: 37/37 MP: 3/3
  1695 | D:3      | Found an iron altar of Okawaru.
  1696 | D:3      | Found a burning altar of Makhleb.
  1718 | D:3      | Became a worshipper of Warmaster Okawaru
  2045 | D:3      | Found Upuleily's General Store.
  2266 | D:4      | Reached skill level 1 in Shields
  2274 | D:4      | Found an opulent altar of Gozag.
  2404 | D:4      | Noticed an ogre
  2413 | D:4      | Killed an ogre
  2414 | D:4      | Reached XP level 5. HP: 27/42 MP: 4/4
  3124 | D:4      | Noticed Robin
  3134 | D:4      | HP: 4/42 [poisoned by Robin]
  3134 | D:4      | Slain by a goblin

Table legend: (Time is in decaauts)
 A = Elapsed time spent in this place.
 B = Non-inter-level travel time spent in this place.
 C = Inter-level travel time spent in this place.
 D = Time resting spent in this place.
 E = Time spent auto-exploring this place.
 F = Levels seen in this place.
 G = Mean time per level.
                   A        B        C        D        E       F      G
               +--------+--------+--------+--------+--------+-----+--------+
         Total |   3137 |   3053 |     84 |    302 |   2373 |   4 |  784.2 |
       Dungeon |   3137 |   3053 |     84 |    302 |   2373 |   4 |  784.2 |
               +--------+--------+--------+--------+--------+-----+--------+

Top non-repeatable levels by time:
     D:2: 1000 daAuts
     D:4: 913 daAuts
     D:3: 624 daAuts
     D:1: 599 daAuts

Table legend:
 A = Kills in this place as a percentage of kills in entire the game.
 B = Kills by you in this place as a percentage of kills by you in the entire game.
 C = Kills by friends in this place as a percentage of kills by friends in the entire game.
 D = Other kills in this place as a percentage of other kills in the entire game.
 E = Experience gained in this place as a percentage of experience gained in the entire game.
 F = Experience gained in this place divided by the number of levels of this place that you have seen.
                   A       B       C       D       E      F
               +-------+-------+-------+-------+-------+----------------------
         Total | 100.0 | 100.0 |   N/A |   N/A | 100.0 |  90.8
       Dungeon | 100.0 | 100.0 |   N/A |   N/A | 100.0 |  90.8
               +-------+-------+-------+-------+-------+----------------------

Action                   |  1- 3 |  4- 6 || total
-------------------------+-------+-------++-------
Melee: Short sword       |    51 |    74 ||   125
       Headbutt          |     8 |     4 ||    12
       Whip              |       |     3 ||     3
 Fire: Hand crossbow     |    11 |       ||    11
  Use: Scroll            |       |     6 ||     6
 Stab: Sleeping          |     2 |     4 ||     6
Armor: Leather armour    |    25 |    24 ||    49
Dodge: Dodged            |    31 |    50 ||    81
Block: Buckler           |       |     9 ||     9

Vanquished Creatures
  An ogre (D:4)
  A bullfrog skeleton (D:4)
  Jessica (D:2)
  An iguana (D:4)
  2 adders (D:2)
  2 dart slugs
  3 orcs
  4 ball pythons (D:2)
  A bat (D:1)
  6 endoplasms
  6 giant cockroaches
  7 goblins
  7 hobgoblins
  3 jackals (D:2)
  5 quokkas
  A frilled lizard (D:1)
  5 kobolds
  A quokka skeleton (D:4)
  5 rats
62 creatures vanquished.
